AoeStats
← Teblu

Arabian Desert

510416509Analyzed
1v1 RM · 18h ago on Sep 30, 2026· 50m 25s· 2 players
Game mode
Random Map
Map size
Tiny (2 player)
Population
200
Speed
Normal
Resources
Standard
Victory
Conquest
Starting age
Dark Age
Ending age
Imperial Age
RankedLock teamsTeams togetherTeam positionsShared explorationLock speedFull tech treeHidden civsTurbo modeCheats
Victory
Defeat
🇺🇸 Ethiopians · United States
932
+14
🇪🇸 Malians · Spain
897
-14
Teblu
3:10 Loom
11:58 Feudal Age
22:32 Castle Age
22:47 Double-Bit Axe
22:45 Horse Collar
23:12 Fletching
22:56 Crossbowman
31:48 Ballistics
32:25 Bodkin Arrow
34:21 Wheelbarrow
46:19 Imperial Age
47:25 Conscription
48:08 Chemistry
46:31 Arbalester
47:24 Thumb Ring
47:56 Bracer
47:57 Padded Archer Armor
50:08 Leather Archer Armor
jesusmorata89
3:25 Loom
14:25 Feudal Age
20:54 Castle Age
20:53 Wheelbarrow
20:06 Town Watch
20:48 Fletching
23:51 Forging
23:42 Scale Mail Armor
23:57 Double-Bit Axe
26:05 Bodkin Arrow
26:51 Horse Collar
27:52 Arson
31:42 Iron Casting
32:02 Stone Mining
33:30 Elite Skirmisher
37:02 Chain Mail Armor
41:48 Heavy Plow
42:02 Bow Saw
47:57 Imperial Age
45:54 Padded Archer Armor
Connection lost

Rejoining the realm…

Still unreachable

The connection could not be restored.

Session expired

The server has moved on; the page needs a fresh start.